 Dungeon Crawl Stone Soup version 0.26-a0-712-ga5a9c9c9d0 (webtiles) character file.

Game seed: 18312263045695496583

39 kae the Insei (level 3, 0/23 HPs)
             Began as an Octopode Transmuter on Nov 6, 2020.
             Slain by Natasha (9 damage)
             ... on level 2 of the Dungeon.
             The game lasted 00:00:34 (1584 turns).

kae the Insei (Octopode Transmuter)                 Turns: 1584, Time: 00:00:35

Health: 0/23       AC:  1    Str: 10    XL:     3   Next: 45%
Magic:  6/6        EV: 13    Int: 15    God:
Gold:   124        SH:  0    Dex: 12    Spells: 5/6 levels left

rFire    . . .     SeeInvis .     - Unarmed
rCold    . . .     Faith    .   (no shield)
rNeg     . . .     Spirit   .   (helmet restricted)
rPois    .         Reflect  .   (no amulet)
rElec    .         Harm     .   (no ring)
rCorr    .         Rampage  .   (no ring)
MR       .....                  (no ring)
Stlth    ++........             (no ring)
HPRegen  0.07/turn              (no ring)
MPRegen  0.10/turn              (no ring)
                                (no ring)
                                (no ring)

@: no status effects
A: almost no armour, stealthy swim, amphibious, 8 rings, constrict 8, camouflage
1, gelatinous body 1
a: no special abilities


You were on level 2 of the Dungeon.
You visited 1 branch of the dungeon, and saw 2 of its levels.

You collected 124 gold pieces.

Inventory:

Scrolls
 b - a scroll of immolation {unknown}
 d - a scroll of fog {unknown}
 f - 2 scrolls of identify {unknown}
 g - a scroll of magic mapping {unknown}
Potions
 a - a potion of stabbing {unknown}
 c - a potion of degeneration {unknown}
 e - a potion of haste {unknown}


   Skills:
 + Level 1.5 Fighting
 + Level 2.2 Dodging
 * Level 3.4 Unarmed Combat
 + Level 2.2 Spellcasting
 * Level 2.5 Transmutations


You had 5 spell levels left.
You knew the following spells:

 Your Spells              Type           Power        Failure   Level
a - Beastly Appendage     Tmut           #.....       8%          1

Your spell library contained the following spells:

 Spells                   Type           Power        Failure   Level
 Wereblood                Tmut           #.......     12%         2
 Spider Form              Tmut/Pois      #.........   36%         3
 Ice Form                 Ice/Tmut       #.......     77%         4
 Blade Hands              Tmut           #.........   91%         5


Dungeon Overview and Level Annotations

Branches:
Dungeon (2/15)

Altars:
Trog

Annotations:
D:2 Natasha


Innate Abilities, Weirdness & Mutations

You cannot wear most types of armour.
You are very stealthy in the water. (Stealth+)
You are amphibious.
You can wear up to eight rings at the same time.
You can use your tentacles to constrict eight enemies at once.
Your skin changes colour to match your surroundings (Stealth+).
Your rubbery body absorbs attacks. (AC +1, EV +1)


Message History

You constrict Natasha. Natasha casts a spell at you. The magic dart hits you.
You tentacle-slap Natasha. You squeeze Natasha, but do no damage.
Natasha is heavily wounded.
You constrict Natasha, but do no damage.
Natasha claws you.
You completely miss Natasha.
Natasha is heavily wounded.
You constrict Natasha, but do no damage.
Natasha claws you!
You are too injured to fight recklessly!
You are too injured to fight recklessly!
You are too injured to fight recklessly!
You are too injured to fight recklessly!
You are too injured to fight recklessly!
You tentacle-slap Natasha but do no damage.
Natasha is moderately wounded.
You constrict Natasha. Natasha claws you!
You die...

####### .# #......
#.# #...... #.#
#...... #.# #......
#.# #...... # #.#
#.....†
....#####.###
#......
.._...h@....+
#######
....#####.###... .
#..........
#.#.##..... #.#.#
.... #. #.#.# ...
#.###########.#># ..
##+#.............#.#
.
......##....######.#


You could see Natasha.

Vanquished Creatures
  An adder (D:2)
  An ooze (D:2)
  A dart slug (D:2)
  A bat (D:1)
  2 giant cockroaches (D:2)
  A goblin (D:1)
  A hobgoblin (D:2)
  7 jackals
  2 kobolds (D:2)
  4 rats
21 creatures vanquished.

Notes
Turn   | Place    | Note
-------+----------+-------------------------------------------
     0 | D:1      | kae the Octopode Transmuter began the quest for the Orb.
     0 | D:1      | Reached XP level 1. HP: 13/13 MP: 3/3
   421 | D:1      | Reached XP level 2. HP: 10/18 MP: 3/5
  1275 | D:2      | Reached XP level 3. HP: 23/23 MP: 4/6
  1578 | D:2      | Found a bloodstained altar of Trog.
  1578 | D:2      | Noticed Natasha
  1584 | D:2      | Slain by Natasha

Illustrated notes

Levels and vault maps discovered:
D:1:      mrwooster_arrival_statue, layout_basic, serial_curves, eino_curves_01,
          eino_curves_01
D:2:      layout_basic, bloody_trog, uniq_natasha

Action                   || total
-------------------------++-------
Melee: Unarmed           ||    57
       Kick              ||    10
       Constrict         ||    13
       Tentacles         ||    12
 Cast: Beastly Appendage ||    13
 Stab: Sleeping          ||     3
Armor: Skin              ||     7
Dodge: Dodged            ||    43

Table legend: (Time is in decaauts)
 A = Elapsed time spent in this place.
 B = Non-inter-level travel time spent in this place.
 C = Inter-level travel time spent in this place.
 D = Time resting spent in this place.
 E = Time spent auto-exploring this place.
 F = Levels seen in this place.
 G = Mean time per level.
                   A        B        C        D        E       F      G
               +--------+--------+--------+--------+--------+-----+--------+
         Total |   1581 |   1564 |     17 |      7 |   1414 |   2 |  790.5 |
       Dungeon |   1581 |   1564 |     17 |      7 |   1414 |   2 |  790.5 |
               +--------+--------+--------+--------+--------+-----+--------+

Top non-repeatable levels by time:
     D:2: 846 daAuts
     D:1: 735 daAuts
